 Dungeon Crawl Stone Soup version 0.28.0-45-g0d030f2227 (webtiles) character file.

Game seed: 16980069047697665380

319 MisterFreud the Changer (level 6, -1/52 HPs)
             Began as a Draconian Transmuter on Apr 19, 2022.
             Succumbed to a scorpion's poison
             ... on level 4 of the Dungeon.
             The game lasted 00:03:18 (2880 turns).

MisterFreud the Changer (Draconian Transmuter)      Turns: 2880, Time: 00:03:19

Health: -1/52      AC: 10    Str: 12    XL:     6   Next: 21%
Magic:  5/9        EV: 12    Int: 15    God:
Gold:   163        SH:  0    Dex: 12    Spells: 3/9 levels left

rFire   . . .      SeeInvis .     - Unarmed
rCold   . . .      Faith    .   (no shield)
rNeg    . . .      Spirit   .   (armour unavailable)
rPois   .          Reflect  .   (helmet restricted)
rElec   .          Harm     .   p - +2 cloak
rCorr   .          Rampage  .   n - +0 pair of gloves
Will    .....                   (no boots)
Stlth   +.........              (no amulet)
HPRegen 0.17/turn               (no ring)
MPRegen 0.11/turn               (no ring)

@: brilliant, lethally poisoned (-1 -> -14)
A: AC +6, unfitting armour, cold-blooded, claws 1, wild magic 1
a: no special abilities


You were on level 4 of the Dungeon.
You visited 1 branch of the dungeon, and saw 4 of its levels.

You collected 163 gold pieces.

Inventory:

Missiles
 k - 6 poisoned darts
 m - 3 boomerangs
Armour
 n - a +0 pair of gloves (worn)
 p - a +2 cloak (worn)
Scrolls
 a - a scroll of vulnerability {unknown}
 e - 3 scrolls of teleportation {unknown}
 f - 4 scrolls of identify
 g - 2 scrolls of noise {unknown}
 h - a scroll of amnesia {unknown}
 i - a scroll of fog {unknown}
 j - a scroll of magic mapping {unknown}
 q - a scroll of immolation {unknown}
Potions
 b - a potion of magic
 d - a potion of ambrosia {unknown}
 l - 2 potions of brilliance
 o - a potion of curing {unknown}
 r - a potion of heal wounds {unknown}


   Skills:
 - Level 4.0 Fighting
 - Level 1.7 Dodging
 + Level 3.8 Unarmed Combat
 - Level 2.0 Spellcasting
 - Level 5.0 Transmutations


You had 3 spell levels left.
You knew the following spells:

 Your Spells              Type           Power      Damage    Failure   Level
a - Beastly Appendage     Tmut           64%        N/A       4%          1
b - Wereblood             Tmut           32%        N/A       7%          2
c - Spider Form           Tmut/Pois      17%        N/A       32%         3

Your spell library contained the following spells:

 Spells                   Type           Power      Damage    Failure   Level
 Passwall                 Tmut/Erth      14%        N/A       17%         2
 Sandblast                Erth           4%         2d4       30%         1
 Sublimation of Blood     Necr           2%         N/A       41%         2
 Stone Arrow              Conj/Erth      4%         3d7       63%         3
 Ice Form                 Ice/Tmut       17%        N/A       69%         4
 Summon Hydra             Summ           1%         N/A       100%        7


Dungeon Overview and Level Annotations

Branches:
Dungeon (4/15)
 Temple: D:4-7

Altars:
Okawaru


Innate Abilities, Weirdness & Mutations

Your plain brown scales are hard. (AC +6)
You cannot fit into any form of body armour.
You are cold-blooded and may be slowed by cold attacks.
You have sharp fingernails.
Your spells are a little harder to cast, but a little more powerful.


Message History

The jelly is heavily wounded.
The jelly closely misses you.
You bite the jelly!
You kill the jelly!
Your transformation is almost over.
Training target 4.0 for Fighting reached!
Your Fighting skill increases to level 4!
You need to enable at least one skill for training.
You hit the scorpion.
The scorpion is poisoned.
The scorpion is moderately wounded.
The scorpion stings you!
You are lethally poisoned!
The scorpion poisons you! The scorpion completely misses you.
Your transformation has ended.
Your +2 cloak unmelds from your body.
Your +0 pair of gloves unmelds from your body.
* * * LOW HITPOINT WARNING * * *
You feel very sick.
You kill the scorpion!
You have reached level 6!
Your scales feel tougher.
There is a lethal amount of poison in your body!
It was a potion of brilliance.
You feel clever all of a sudden.
* * * LOW HITPOINT WARNING * * *
You feel very sick.
Okay, then.
Unknown command.
As you read the scroll labelled LETTEA VUHU, it crumbles to dust.
It is a scroll of identify.
b - a potion of magic
* * * LOW HITPOINT WARNING * * *
You feel very sick.
An adder comes into view.
The adder moves out of view.
Okay, then.
Unknown command.
It was a potion of mutation.
You feel extremely strange.
You feel less in control of your magic.
Your fingernails lengthen.
You die...

.#
##.##.##...).......
.#
#...).##.#....####.
.#
#..##.......#..#####
.# #.#
#......##.......
..##.
#.###..##......
#.... ...#
#...#....... ..#
#.### ###.#.#.....
.. ... #...###..#
#.# ###@# .. #)# #)#
#.......# #.....#.#
...###... #.## #.##
... .# ##. .


There were no monsters in sight!

Vanquished Creatures
  A scorpion (D:4)
  A jelly (D:4)
  A hound (D:4)
  A centaur skeleton (D:4)
  An orc wizard (D:4)
  3 gnolls (D:4)
  2 adders (D:3)
  4 worms
  2 dart slugs (D:2)
  7 orcs
  7 endoplasms
  5 giant cockroaches
  8 goblins
  3 hobgoblins
  2 jackals (D:2)
  2 quokkas
  7 ball pythons
  4 bats
  3 frilled lizards
  6 kobolds
  9 rats
79 creatures vanquished.

Notes
Turn   | Place    | Note
-------+----------+-------------------------------------------
     0 | D:1      | MisterFreud the Draconian Transmuter began the quest for
                  | the Orb.
     0 | D:1      | Reached XP level 1. HP: 16/16 MP: 3/3
    41 | D:1      | Found a faded altar of an unknown god.
   160 | D:1      | Reached XP level 2. HP: 23/23 MP: 3/5
   183 | D:1      | Learned a level 2 spell: Wereblood
   342 | D:1      | Reached skill level 3 in Transmutations
   699 | D:1      | Reached XP level 3. HP: 21/28 MP: 6/6
  1114 | D:2      | Found an iron altar of Okawaru.
  1197 | D:2      | Reached skill level 4 in Transmutations
  1470 | D:2      | Reached XP level 4. HP: 34/35 MP: 7/7
  2452 | D:4      | Learned a level 3 spell: Spider Form
  2497 | D:4      | Reached skill level 5 in Transmutations
  2516 | D:4      | Reached XP level 5. HP: 23/41 MP: 8/8
  2878 | D:4      | Reached XP level 6. HP: 11/52 MP: 5/9
  2879 | D:4      | HP: 2/52 [poisoned by a scorpion]
  2880 | D:4      | Gained mutation: Your spells are a little harder to cast,
                  | but a little more powerful. [potion of mutation]
  2880 | D:4      | Gained mutation: You have sharp fingernails. [potion of
                  | mutation]
  2880 | D:4      | Succumbed to a scorpion's poison

Illustrated notes

Levels and vault maps discovered:
D:1:      minmay_arrival_stair_chambers, layout_basic,
          ebering_ecumenical_altar_mist, serial_forest,
          infiniplex_forest_clump_double, infiniplex_forest_clump_tiny,
          infiniplex_forest_clump_small, infiniplex_forest_lined_room_2,
          infiniplex_forest_lined_4_way, infiniplex_forest_straight_5,
          infiniplex_forest_lined_2, infiniplex_forest_straight_3
D:2:      layout_rooms, basic_altar
D:3:      layout_loops_cross
D:4:      layout_rooms, minmay_quantized, uniq_natasha

Skill      XL: |  1  2  3  4  5 |
---------------+----------------+-----
Transmutations | 3 4 5 |  5.0
Fighting       | 2 4 |  4.0
Dodging        | |  1.7
Unarmed Combat | |  3.8
Spellcasting   | |  2.0

Action                   |  1- 3 |  4- 6 || total
-------------------------+-------+-------++-------
Melee: Unarmed           |   132 |    93 ||   225
       Kick              |    38 |    12 ||    50
       Headbutt          |    17 |    12 ||    29
       Tailslap          |    11 |     8 ||    19
       Punch             |     5 |     3 ||     8
 Cast: Beastly Appendage |    27 |    14 ||    41
       Spider Form       |       |     4 ||     4
 Abil: End Transformatio |       |     1 ||     1
  Use: Potion            |       |     2 ||     2
       Scroll            |       |     1 ||     1
 Stab: Sleeping          |     3 |     1 ||     4
Armor: Skin              |    35 |    27 ||    62
Dodge: Dodged            |    79 |    56 ||   135
